 Dungeon Crawl Stone Soup version 0.30-b1-2-g02819fbbbe (webtiles) character file.

Game seed: 14958057211433448442

27804 emikaela the Thaumaturge (level 13, -33/91 HPs)
             Began as a Djinni Hexslinger on May 19, 2023.
             Was the Champion of Fedhas.
             Killed from afar by Fannar (72 damage)
             ... with a bolt of cold
             ... on level 1 of the Orcish Mines on May 20, 2023.
             The game lasted 01:25:20 (20840 turns).

emikaela the Thaumaturge (Djinni Hexslinger)       Turns: 20840, Time: 01:25:20

Health: -33/91     AC: 12    Str: 13    XL:     13   Next: 68%
Gold:   776        EV: 14    Int: 15    God:    Fedhas [******] SH:  4 Dex: 13

rFire   + + +        T - +2 arbalest (freeze)
rCold   x . .        (shield currently unavailable)
rNeg    . . .        Q - +2 leather armour {rF+}
rPois   ∞            y - +0 helmet
rElec   .            x - +2 cloak
rCorr   .            d - +0 pair of gloves
SInv    +            (boots unavailable)
Will    +....        D - amulet of the acrobat
Stlth   +++          A - +4 ring of protection
HPRegen 0.35/turn    C - ring of see invisible
MPRegen 0.00/turn

%: acrobat, infuse magic (-34 HP)
@: portalling projectiles, flying
A: sickness immunity, fire resistance 2, cold vulnerability 1, float, innate
caster, HP casting, extra vitality 1, large bone plates 1, clumsy 1, deformed
body, dopey 1, strong 1
a: Renounce Religion, Wall of Briars, Grow Ballistomycete, Overgrow, Grow Oklob


You were on level 1 of the Orcish Mines.
You worshipped Fedhas.
Fedhas was exalted by your worship.
You visited 3 branches of the dungeon, and saw 16 of its levels.

You collected 776 gold pieces.

Inventory:

Hand Weapons
 a - a +3 sling
 N - a +2 demon blade of electrocution
 O - a +1 demon whip of venom
 T - a +2 arbalest of freezing (weapon)
Missiles
 c - 10 poisoned darts
 j - 4 silver javelins
 s - 180 stones
 w - 6 boomerangs
 V - 2 curare-tipped darts {!f}
Armour
 d - a +0 pair of gloves (worn)
 t - a +1 scale mail of cold resistance
 x - a +2 cloak (worn)
 y - a +0 helmet (worn)
 I - the +3 kite shield of Ewoluc {*Slow Regen+ Str+2 Dex+3}
   (You found it on level 5 of the Dungeon)

   Str:       It affects your strength (+2).
   Dex:       It affects your dexterity (+3).
   Regen:     It increases your rate of health regeneration.
   *Slow:     It may slow you when you take damage.
 K - +0 steam dragon scales
 Q - a +2 leather armour of fire resistance (worn)
Jewellery
 k - a +5 ring of evasion
 z - a ring of resist corrosion
 A - a +4 ring of protection (left hand)
 C - a ring of see invisible (right hand)
 D - an amulet of the acrobat (around neck)
 L - a ring of ice
 R - a +6 ring of intelligence
 S - a +6 ring of dexterity
 U - a ring of wizardry
Wands
 B - a wand of iceblast (29)
 F - a wand of flame (42)
Scrolls
 b - 3 scrolls of poison
 f - 8 scrolls of fear
 g - 2 scrolls of fog
 l - 2 scrolls of blinking
 m - 5 scrolls of magic mapping
 n - a scroll of enchant armour {unknown}
 o - a scroll of immolation {!r}
 p - 6 scrolls of teleportation
 v - a scroll of vulnerability {!r}
 M - a scroll of torment {unknown}
Potions
 e - 2 potions of heal wounds
 h - 12 potions of curing
 q - 3 potions of haste
 r - 3 potions of attraction {!q}
 u - 5 potions of cancellation {unknown}
 E - 5 potions of lignification {!q}
 G - a potion of ambrosia
 H - 3 potions of brilliance
 J - a potion of mutation {!q}
 P - a potion of resistance
 W - a potion of might


   Skills:
 + Level 7.6 Fighting
 * Level 9.5 Ranged Weapons
 + Level 6.9 Dodging
 - Level 5.0 Stealth
 * Level 10.3 Spellcasting
 + Level 8.2 Invocations
 - Level 5.0 Evocations


You knew the following spells:

 Your Spells              Type           Power      Damage    Failure   Level
a - Portal Projectile     Hex/Tloc       76%        N/A       1%          3
b - Wereblood             Tmut           38%        N/A       1%          2
c - Call Canine Familiar  Summ           38%        N/A       1%          3
d - Animate Armour        Summ/Erth      76%        N/A       1%          4
e - Borgnjor's Vile Clut  Necr/Erth      19%        N/A       4%          5
f - Cause Fear            Hex            19%        N/A       1%          4
h - Shock                 Conj/Air       100%       1d9       1%          1
n - Inner Flame           Hex/Fire       38%        N/A       1%          3
s - Slow                  Hex            100%       N/A       1%          1
v - Poisonous Vapours     Pois/Air       76%        N/A       1%          2
Your spell library was empty.

Dungeon Overview and Level Annotations

Branches:
Dungeon (13/15)            Temple (0/1) D:4            Lair (2/5) D:11
    Orc (1/2) D:12
  Swamp: Lair:2-3    Shoals: Lair:2-3     Snake: Lair:2-3    Spider: Lair:2-3
 Vaults: D:13-14

Altars:
Ashenzari
Cheibriados
Dithmenos
Elyvilon
Fedhas
Gozag
Hepliaklqana
Okawaru
Ru
Uskayaw
Xom
Yredelemnul
The Shining One

Shops:
D:2 (   D:6 =*   D:7 :

Annotations:
D:3 Grinder
D:5 Eustachio
Lair:2 Erica, Gastronok
Orc:1 Fannar


Innate Abilities, Weirdness & Mutations

You are immune to sickness and miasma.
You are immune to poison.
Your flesh is very heat resistant. (rF++)
You are vulnerable to cold. (rC-)
You float through the air rather than walking.
You learn spells naturally, not from books.
Your magical power is your life essence.
You have superior vitality. (+4 MHP)
You are partially covered in large bone plates. (SH +4)
You are clumsy. (Dex -2)
Armour fits poorly on your strangely shaped body.
You are dopey. (Int -2)
Your muscles are strong. (Str +4, Int/Dex -1)


Message History

Press: ? - help, v - describe, . - travel
Here: Fannar, wielding a +0 quarterstaff of freezing, wearing a +1 robe of cold resistance and wearing a ring of ice (lightly wounded, constricted by zombie hands)
The floor.
Casting: Borgnjor's Vile Clutch (dangerous; 4% risk of failure)
Confirm with . or Enter, or press ? or * to list all spells.
Okay, then.
Fire: T) +2 arbalest (freeze)
Press: ? - help, Q - select action, (/) - cycle Shift-Dir - straight line, f - warg, p - Fannar
Aim: a warg (severely wounded, ally target, 63% to hit)
You magically shoot a bolt.
The bolt closely misses the warg.
The zombie hands constrict Fannar!
The warg bites you.
Fannar casts a spell.
Fannar struggles to blink free from constriction.
The warg closely misses you.
Fannar escapes!
Casting: Borgnjor's Vile Clutch (dangerous; 4% risk of failure)
Confirm with . or Enter, or press ? or * to list all spells.
Aiming: Borgnjor's Vile Clutch (dangerous; 4% risk of failure)
Press: ? - help, Shift-Dir - straight line, f - Fannar, p - warg
Aim: Fannar, wielding a +0 quarterstaff of freezing, wearing a +1 robe of cold resistance and wearing a ring of ice (moderately wounded, 100% to hit)
Zombie hands grab the warg.
Zombie hands grab Fannar.
The zombie hands constrict Fannar.
The zombie hands constrict the warg!
The warg barely misses you.
Fannar struggles to escape constriction.
Fire: T) +2 arbalest (freeze)
Press: ? - help, Q - select action, (/) - cycle Shift-Dir - straight line, f - warg, p - Fannar
Aim: a warg (almost dead, constricted by zombie hands, ally target, 97% to hit)
You magically shoot a bolt.
The bolt hits the warg!
The bolt freezes the warg.
You kill the warg!
Fedhas appreciates your contribution to the ecosystem.
The zombie hands constrict Fannar!
Fannar struggles to escape constriction.
Casting: Borgnjor's Vile Clutch (dangerous; 4% risk of failure)
Confirm with . or Enter, or press ? or * to list all spells.
The zombie hands constrict Fannar.
Fannar points at you and mumbles some strange words.
The bolt of cold hits you!!!!
You feel a terrible chill!
Ouch! That really hurt!
You die...
Xom laughs nastily!
Fedhas appreciates your contribution to the ecosystem.

§§......# ..$.#
........##.....
..........#....
......$........
...............
........h......
.........[..e..
.......@>......
...............
........#......
...............
......... .....
...#...........
..##...... ....
.. #..........#


You could see Fannar (clutched, ally target), a friendly animated leather armour
(summoned) and a friendly hound (summoned).

Vanquished Creatures
  2 hydras
  A boulder beetle (D:12)
  Amaemon (D:8)
  2 manticores (D:13)
  2 ugly things (D:13)
  3 centaur zombies (D:12)
  A black mamba (Lair:1)
  3 cane toads (Lair:1)
  A gargoyle (D:12)
  2 kobold demonologists
  2 unseen horrors
  An efreet (D:11)
  2 trolls
  A hornet (D:8)
  Prince Ribbit (D:5)
  3 shadows (D:12)
  8 vampires
  5 wyverns
  6 wraiths
  15 yaks
  A human (shapeshifter) (D:13)
  2 steam dragons
  8 vampire mosquitoes
  A warg (Orc:1)
  Edmund (D:5)
  A water moccasin (D:8)
  A sky beast (D:7)
  An ice beast (D:7)
  5 black bears
  4 orc warriors
  2 wolves (D:8)
  3 ogres
  2 phantoms
  2 kobold brigands
  A gnoll sergeant (D:6)
  3 bullfrogs
  2 scorpions
  3 wights (D:8)
  30 killer bees
  3 howler monkeys
  6 hounds
  3 jellies
  9 orc priests
  A gnoll bouda (D:8)
  Terence (D:3)
  Jessica (D:3)
  Natasha (thrice) (D:3)
  4 iguanas
  5 orc wizards
  2 boggart zombies (D:12)
  18 gnolls
  6 adders
  A worm (D:1)
  3 dart slugs
  30 orcs
  8 ball pythons
  10 endoplasms
  2 giant cockroaches
  2 goblins
  3 hobgoblins
  2 jackals (D:5)
  13 kobolds
  6 quokkas
  2 bats
  5 frilled lizards
  24 rats
308 creatures vanquished.

Vanquished Creatures (collateral kills)
  A two-headed ogre (D:10)
  Urug (D:10)
  A deep elf pyromancer (D:12)
  A cyclops (D:13)
  2 centaur zombies (D:12)
  Joseph (D:8)
  An orange demon (D:8)
  A kobold demonologist (D:12)
  2 trolls
  A meliai zombie (D:12)
  2 shadows (D:12)
  2 wraiths (D:10)
  A vampire (D:12)
  7 yaks
  A basilisk (shapeshifter) (D:13)
  Grum (D:8)
  7 vampire mosquitoes
  A bullfrog (D:6)
  2 wights (D:8)
  An electric eel (D:8)
  An orc priest (D:10)
  2 orc wizards
  4 orcs (D:10)
  6 kobolds
50 creatures vanquished.

Vanquished Creatures (others)
  A gnoll bouda (D:4)
  A sleepcap (D:4)
  20 fungi
  10 plants
  7 withered plants (D:12)
39 creatures vanquished.

Grand Total: 397 creatures vanquished

Notes
Turn   | Place    | Note
-------+----------+-------------------------------------------
     0 | D:1      | emikaela the Djinni Hexslinger began the quest for the Orb.
     0 | D:1      | emikaela set off with the following spells memorised: Slow,
                  | Inner Flame, Portal Projectile, Cause Fear.
     0 | D:1      | Reached XP level 1. HP: 17/17 MP: 0/0
    44 | D:1      | Reached XP level 2. HP: 22/22 MP: 0/0
   415 | D:2      | Reached XP level 3. HP: 27/27 MP: 0/0
   415 | D:2      | Learned a level 1 spell: Shock
   892 | D:2      | Reached XP level 4. HP: 31/32 MP: 0/0
   928 | D:2      | Reached skill level 1 in Stealth
   928 | D:2      | Reached skill level 3 in Spellcasting
  1017 | D:2      | Found Mauhe's Weapon Emporium.
  1358 | D:3      | Noticed Terence
  1360 | D:3      | Reached XP level 5. HP: 37/38 MP: 0/0
  1360 | D:3      | Learned a level 2 spell: Poisonous Vapours
  1368 | D:3      | Noticed Natasha
  1368 | D:3      | Killed Terence
  1407 | D:3      | Killed Natasha
  1428 | D:3      | Noticed Natasha
  1434 | D:3      | Killed Natasha
  1443 | D:3      | Noticed Natasha
  1448 | D:3      | Killed Natasha
  1449 | D:3      | Reached XP level 6. HP: 27/43 MP: 0/0
  1819 | D:3      | Noticed Jessica
  1827 | D:3      | Killed Jessica
  1986 | D:3      | Noticed Grinder
  2132 | D:3      | Found a faded altar of an unknown god.
  2139 | D:3      | Prayed at the altar of an unknown god.
  2139 | D:3      | Became a worshipper of Xom the Elder Chaos God
  2359 | D:4      | Found a white marble altar of Elyvilon.
  2359 | D:4      | Found a snail-covered altar of Cheibriados.
  2359 | D:4      | Found an iron altar of Okawaru.
  2361 | D:4      | Found an opulent altar of Gozag.
  2361 | D:4      | Found a sacrificial altar of Ru.
  2361 | D:4      | Found a basalt altar of Yredelemnul.
  2366 | D:4      | Found a shadowy altar of Dithmenos.
  2366 | D:4      | Found a shimmering altar of Xom.
  2366 | D:4      | Found a blossoming altar of Fedhas.
  2368 | D:4      | Found a hazy altar of Hepliaklqana.
  2368 | D:4      | Found a glowing golden altar of the Shining One.
  2375 | D:4      | Fell from the grace of Xom
  2375 | D:4      | Became a worshipper of Fedhas Madash
  2917 | D:4      | Found a staircase to the Ecumenical Temple.
  2941 | D:4      | XOM: give mutation
  2941 | D:4      | Gained mutation: You have hidden genetic defects. [Xom's
                  | mischief]
  3092 | D:4      | XOM: scenery: create altars
  3222 | D:4      | XOM: noise
  3377 | D:5      | Entered Level 5 of the Dungeon
  3423 | D:5      | Noticed Edmund
  3423 | D:5      | Noticed an ogre
  3477 | D:5      | Reached skill level 4 in Spellcasting
  3477 | D:5      | Reached XP level 7. HP: 45/49 MP: 0/0
  3477 | D:5      | Learned a level 2 spell: Wereblood
  3485 | D:5      | Gained mutation: You are dopey. (Int -2) [hidden defects]
  3650 | D:5      | Reached * piety under Fedhas
  3722 | D:5      | Noticed Prince Ribbit
  3734 | D:5      | Killed Prince Ribbit
  3735 | D:5      | Reached skill level 5 in Spellcasting
  3735 | D:5      | Reached XP level 8. HP: 35/54 MP: 0/0
  3755 | D:5      | Gained mutation: You are clumsy. (Dex -2) [hidden defects]
  3755 | D:5      | Lost mutation: You have hidden genetic defects. [hidden
                  | defects expressed]
  3897 | D:5      | Found a hide-covered altar of Uskayaw.
  4232 | D:5      | Killed Edmund
  4626 | D:5      | Noticed Eustachio
  4738 | D:5      | Identified the +3 kite shield of Ewoluc {*Slow Regen+ Str+2
                  | Dex+3}
  5250 | D:5      | Reached skill level 1 in Evocations
  5440 | D:6      | XOM: 3-stop teleportation journey
  5583 | D:6      | XOM: 1-stop teleportation journey
  5622 | D:5      | XOM: draining
  6055 | D:6      | Reached skill level 6 in Spellcasting
  6055 | D:6      | Reached XP level 9. HP: 53/60 MP: 0/0
  6055 | D:6      | Learned a level 3 spell: Call Canine Familiar
  6069 | D:6      | Found Vesifrel's Jewellery Boutique.
  6069 | D:6      | XOM: 9-stop teleportation journey
  6266 | D:6      | Reached ** piety under Fedhas
  6359 | D:6      | XOM: summons 5 hostile demons
  6482 | D:6      | Reached skill level 1 in Invocations
  6897 | D:6      | Found Dugimiaria's Neck Hole.
  7185 | D:7      | Reached skill level 5 in Ranged Weapons
  7303 | D:7      | XOM: give mutation
  7524 | D:7      | XOM: give mutations
  7524 | D:7      | Gained mutation: Your movements are slightly less
                  | encumbered by armour. (ER -2) [Xom's grace]
  7524 | D:7      | Gained mutation: You are partially covered in large bone
                  | plates. (SH +4) [Xom's grace]
  7617 | D:7      | Noticed an unseen horror
  7635 | D:7      | Killed an unseen horror
  7636 | D:7      | Reached skill level 7 in Spellcasting
  7636 | D:7      | Reached XP level 10. HP: 21/69 MP: 0/0
  8496 | D:7      | Found Uweihu's Book Boutique.
  8632 | D:7      | XOM: cloud trail
  8892 | D:8      | Reached *** piety under Fedhas
  8899 | D:8      | XOM: 1-stop teleportation journey
  9160 | D:8      | Noticed Amaemon
  9178 | D:8      | Reached skill level 5 in Fighting
  9283 | D:8      | Noticed Grum
  9295 | D:8      | Killed Grum
  9660 | D:8      | Noticed Joseph
  9678 | D:8      | Noticed an orange demon
  9690 | D:8      | Killed an orange demon
  9691 | D:8      | Reached skill level 5 in Evocations
  9695 | D:8      | Reached skill level 8 in Spellcasting
  9864 | D:8      | Killed Amaemon
  9865 | D:8      | Reached XP level 11. HP: 25/75 MP: 0/0
  9865 | D:8      | Learned a level 4 spell: Animate Armour
 10855 | D:8      | Killed Joseph
 10856 | D:8      | Reached skill level 5 in Invocations
 10878 | D:8      | XOM: noise
 11390 | D:9      | XOM: noise
 11677 | D:9      | Reached **** piety under Fedhas
 11814 | D:9      | Reached skill level 9 in Spellcasting
 11830 | D:9      | XOM: silly message
 12075 | D:10     | Entered Level 10 of the Dungeon
 12075 | D:10     | Noticed Urug
 12177 | D:10     | XOM: divination: magic mapping
 12587 | D:10     | Killed Urug
 12602 | D:10     | XOM: silly message
 12766 | D:10     | Noticed a two-headed ogre
 12782 | D:10     | Killed a two-headed ogre
 12898 | D:10     | Found a broken altar of Ashenzari.
 12902 | D:10     | Saw a vision of the Shoals and the Snake Pit.
 12902 | D:10     | Noticed a merfolk avatar
 12902 | D:10     | Noticed an alligator snapping turtle
 12902 | D:10     | Noticed a sea snake
 12902 | D:10     | Noticed a skyshark
 12902 | D:10     | Noticed a skyshark
 12902 | D:10     | Noticed a naga ritualist
 12902 | D:10     | Noticed a shock serpent
 12902 | D:10     | Noticed a sea snake
 12902 | D:10     | Noticed an anaconda
 12904 | D:10     | Noticed a naga ritualist
 12978 | D:10     | XOM: polymorph wolf -> iguana
 13849 | D:11     | Reached XP level 12. HP: 30/81 MP: 0/0
 14090 | D:11     | XOM: 3-stop teleportation journey
 14713 | D:11     | XOM: cloud trail
 14786 | D:11     | Reached ***** piety under Fedhas
 14855 | D:11     | Found a staircase to the Lair.
 14994 | Lair:1   | Entered Level 1 of the Lair of Beasts
 15595 | Lair:1   | Reached skill level 5 in Dodging
 15607 | Lair:1   | HP: 4/83 [yak (11)]
 15624 | Lair:1   | XOM: 1-stop teleportation journey
 15751 | Lair:1   | XOM: give mutation
 15751 | Lair:1   | Gained mutation: You are strong-willed. (Will+) [Xom's
                  | mischief]
 15919 | Lair:1   | Identified the +5 trident of Dried Tears {heavy, rF++ Str-4
                  | Int+2 Dex+4}
 16221 | Lair:2   | Noticed Erica
 16221 | Lair:2   | Noticed Gastronok
 16233 | Lair:2   | Noticed an eight-headed hydra
 16371 | Lair:2   | Noticed a four-headed hydra
 16531 | Lair:2   | Killed an eight-headed hydra
 16765 | D:11     | XOM: give mutations
 16765 | D:11     | Lost mutation: You are strong-willed. (Will+) [Xom's
                  | mischief]
 16765 | D:11     | Gained mutation: Armour fits poorly on your strangely
                  | shaped body. [Xom's mischief]
 16765 | D:11     | Gained mutation: Your muscles are strong. (Str +4, Int/Dex
                  | -1) [Xom's mischief]
 16765 | D:11     | Lost mutation: Your movements are slightly less encumbered
                  | by armour. (ER -2) [Xom's mischief]
 16765 | D:11     | Was forgiven by Xom
 17096 | D:12     | Noticed a boulder beetle
 17113 | D:12     | Killed a boulder beetle
 17187 | D:12     | Reached skill level 5 in Stealth
 17199 | D:12     | Reached XP level 13. HP: 23/89 MP: 0/0
 17199 | D:12     | Learned a level 5 spell: Borgnjor's Vile Clutch
 17579 | D:12     | HP: 4/89 [vampire (8)]
 18512 | D:12     | Reached skill level 10 in Spellcasting
 18694 | D:12     | Found a staircase to the Orcish Mines.
 18949 | D:13     | Reached ****** piety under Fedhas
 19589 | D:13     | Noticed a four-headed hydra
 19596 | D:13     | Killed a four-headed hydra
 20831 | Orc:1    | Entered Level 1 of the Orcish Mines
 20834 | Orc:1    | Noticed Fannar
 20840 | Orc:1    | Killed from afar by Fannar

Illustrated notes

Levels and vault maps discovered:
D:1:      dpeg_arrival_solitude, layout_rooms, serial_bayou_lake_a
D:2:      layout_loops_ring, serial_shops, nicolae_shop_tiny_real_fake_doors
D:3:      layout_rooms, nicolae_overflow_hidden_temple,
          dreamdust_ecumenical_altar_hidden_monk_grotto, grunt_ministairs_6,
          minmay_rat_hole, uniq_terence, uniq_grinder, uniq_natasha,
          uniq_jessica
D:4:      layout_loops_ring, nicolae_overflows_in_rows,
          lemuel_temple_firewalk_b, minmay_pentangle
D:5:      layout_basic, general_overflow_altar, uniq_edmund,
          uniq_prince_ribbit1, uniq_eustachio
D:6:      layout_loops_ring, serial_shops, shop,
          nicolae_shop_sticking_my_neck_out
D:7:      layout_loops_ring, serial_shops, shop, abandoned_shop,
          minmay_chambers_of_fives
D:8:      layout_basic, uniq_joseph, uniq_grum, uniq_amaemon
D:9:      layout_roguey
D:10:     layout_irregular_city, grunt_ashenzari_visionary
          [grunt_ashenzari_visionary_shoals, grunt_ashenzari_visionary_snake],
          uniq_urug
D:11:     layout_roguey, grunt_lair_entry_orc_guard_hut
D:12:     layout_loops_cross, orc_0_dummy, serial_undead, serial_undead_d,
          serial_undead_e, serial_undead_a, serial_undead_a, serial_undead_d,
          serial_undead_c, serial_undead_b, serial_undead_b,
          kennysheep_generic_room_14
D:13:     layout_gridville
Lair:1:   layout_cave_pods, gauntlet_entry_generic, grunt_megastairs_5
Lair:2:   nzn_winding_woodlands_medium [nzn_winding_woodlands_5x5_closed_star,
          nzn_winding_woodlands_5x15_default,
          nzn_winding_woodlands_5x5_checkerboard,
          nzn_winding_woodlands_5x5_perimeter,
          nzn_winding_woodlands_center_diamonds,
          nzn_winding_woodlands_5x5_open_star, nzn_winding_woodlands_hourglass,
          nzn_winding_woodlands_5x15_default, nzn_winding_woodlands_5x5_cross],
          layout_misc_corridors, elwin_shoals_entry_rocks, uniq_erica,
          uniq_nergalle, uniq_gastronok
Orc:1:    layout_caves, basic_altar, guppyfry_orc_lava_fort, uniq_fannar

Skill      XL: |  1  2  3  4  5  6  7  8  9 10 11 12 13 |
---------------+----------------------------------------+-----
Ranged Weapons | 2 3 4 5 6 7 8 9 |  9.5
Stealth        | 1 2 3 5 |  5.0
Spellcasting   | 3 4 5 6 7 8 9 10 | 10.3
Fighting       | 2 3 4 5 6 7 |  7.6
Dodging        | 3 4 5 6 |  6.9
Evocations     | 2 3 5 |  5.0
Invocations    | 2 4 6 7 8 |  8.2

Action                     |  1- 3 |  4- 6 |  7- 9 | 10-12 | 13-15 || total
---------------------------+-------+-------+-------+-------+-------++-------
   Fire: Sling             |    73 |   136 |   194 |   161 |       ||   564
         Arbalest          |       |       |       |   169 |   161 ||   330
   Cast: Shock             |    17 |    20 |     7 |    24 |       ||    68
         Slow              |     3 |     2 |    12 |       |       ||    17
         Poisonous Vapours |       |    46 |   170 |   247 |    16 ||   479
         Cause Fear        |       |       |     5 |     4 |     1 ||    10
         Call Canine Famil |       |       |     2 |    62 |    34 ||    98
         Portal Projectile |       |       |       |    27 |    25 ||    52
         Animate Armour    |       |       |       |    18 |    22 ||    40
         Wereblood         |       |       |       |     2 |       ||     2
         Borgnjor's Vile C |       |       |       |       |    18 ||    18
  Evoke: Wand              |       |       |       |    10 |       ||    10
    Use: Scroll            |       |     6 |     4 |    12 |     4 ||    26
         Potion            |       |       |       |     1 |     3 ||     4
 Armour: Robe              |     2 |    11 |    89 |    19 |       ||   121
         Steam dragon scal |       |       |       |    14 |       ||    14
         Leather armour    |       |       |       |    78 |    38 ||   116
  Dodge: Dodged            |    22 |    76 |   217 |   190 |    76 ||   581
  Block: Other             |       |       |     8 |    51 |    12 ||    71
